 Dungeon Crawl Stone Soup version 0.29-a0-380-gf50f0a9fbc (webtiles) character file.

Game seed: 16642795571484746425

274523 frimble the Timeless (level 20, -29/158 HPs)
             Began as a Gnoll Warper on May 6, 2022.
             Was a High Priest of Cheibriados.
             Killed from afar by Usuebad's ghost (60 damage)
             ... with a blast of rock fragments
             ... on level 1 of the Depths.
             The game lasted 01:00:32 (36870 turns).

frimble the Timeless (Gnoll Warper)                Turns: 36870, Time: 01:00:33

Health: -29/158    AC: 21    Str: 28    XL:     20   Next: 72%
Magic:  0/42       EV: 32    Int: 30    God:    Cheibriados [*****.]
Gold:   4780       SH:  0    Dex: 32    Spells: 26/46 levels left

rFire   + + .      SeeInvis .   X - +3 Elemental Staff {rElec rF++ rC++ AC+5}
rCold   + + .      Faith    .   (no shield)
rNeg    . . .      Spirit   +   f - +4 moon troll leather armour {Spirit, Regen++ MP+5}
rPois   .          Reflect  .   E - +0 helmet of Bitterness {Drain rElec rCorr Dex+6}
rElec   +          Harm     .   a - +2 cloak
rCorr   +          Rampage  .   (no gloves)
Will    +....                   e - +1 pair of boots {Stlth+}
Stlth   +++.......              n - amulet of regeneration
HPRegen 2.76/turn               Z - +6 ring of strength
MPRegen 0.28/turn               I - +4 ring of evasion

@: contaminated, slowed, glowing, very slow
A: fangs 1, strong nose, distributed training, clumsy 1, deformed body
}: 1/15 runes: abyssal
a: Renounce Religion, Bend Time, Temporal Distortion, Slouch, Step From Time


You were on level 1 of the Depths.
You worshipped Cheibriados.
Cheibriados was extremely pleased with you.
You visited 5 branches of the dungeon, and saw 27 of its levels.
You visited the Abyss 1 time.
You also visited: Sewer, Bailey and Gauntlet.

You collected 5207 gold pieces.
You spent 427 gold pieces at shops.

Inventory:

Hand Weapons
 X - the +3 Elemental Staff (weapon) {rElec rF++ rC++ AC+5}
   (You took it off a deep elf pyromancer on level 10 of the Dungeon)

   If the wielder is skilled in Evocations, they can discharge powerful blasts
   of elemental energy when striking with it.
   It enhances your fire, ice, earth and air magic.
   AC:        It affects your AC (+5).
   rF:        It greatly protects you from fire.
   rC:        It greatly protects you from cold.
   rElec:     It insulates you from electricity.
Missiles
 d - 9 boomerangs of dispersal (quivered)
 K - 5 throwing nets
 N - 3 javelins
 O - 8 curare-tipped darts
 Q - 8 silver boomerangs
 V - 12 silver javelins
Armour
 a - a +2 cloak (worn)
 e - a +1 pair of boots of stealth (worn)
 f - the +4 moon troll leather armour (worn) {Spirit, Regen++ MP+5}
   (You found it on level 13 of the Dungeon)

   MP:        It affects your magic capacity (+5).
   Regen:     It increases your rate of health regeneration.
 E - the +0 helmet of Bitterness (worn) {Drain rElec rCorr Dex+6}
   (You found it on level 7 of the Dungeon)

   Dex:       It affects your dexterity (+6).
   rElec:     It insulates you from electricity.
   rCorr:     It protects you from acid and corrosion.
   Drain:     It drains your maximum health when unequipped.
 U - the +1 pair of boots of Xecwiras {rC+}
   (You found it in a Gauntlet)

   rC:        It protects you from cold.
Jewellery
 n - an amulet of regeneration (around neck)
 I - a +4 ring of evasion (right hand)
 J - the ring "Leirgh" {Wiz Drain Fly rF+ Stlth+}
   (You took it off a deep elf death mage on level 3 of the Elven Halls)

   [ring of wizardry]

   It improves your spell success rate.
   rF:        It protects you from fire.
   Fly:       It grants you flight.
   Drain:     It drains your maximum health when unequipped.
   Stlth:     It makes you more stealthy.
 Y - a ring of see invisible
 Z - a +6 ring of strength (left hand)
Wands
 q - a wand of polymorph (5)
 t - a wand of digging (1)
 F - a wand of charming (4)
 M - a wand of acid (5)
 R - a wand of iceblast (1)
 W - a wand of paralysis (10)
Scrolls
 c - 4 scrolls of blinking
 h - 6 scrolls of amnesia
 i - 3 scrolls of vulnerability
 m - 11 scrolls of fear
 r - 13 scrolls of teleportation
 u - 7 scrolls of poison
 w - 5 scrolls of immolation
 x - 2 scrolls of silence
 y - 3 scrolls of magic mapping
 D - 6 scrolls of brand weapon
 G - 3 scrolls of enchant weapon
 P - a scroll of fog
Potions
 b - 4 potions of flight
 g - 4 potions of resistance
 j - 6 potions of ambrosia
 l - 10 potions of curing
 o - 5 potions of heal wounds
 p - 6 potions of brilliance
 s - 6 potions of cancellation
 v - 7 potions of invisibility
 z - 5 potions of lignification
 A - 3 potions of mutation
 B - a potion of berserk rage
 C - 3 potions of magic
 L - 3 potions of attraction
 S - 5 potions of might
Miscellaneous
 k - a phantom mirror
 H - a condenser vane
 T - a tin of tremorstones (2/2)


   Skills:
 + Level 13.7 Fighting
 + Level 13.0 Short Blades
 + Level 13.7 Long Blades
 + Level 13.0 Axes
 + Level 13.0 Maces & Flails
 + Level 13.0 Polearms
 + Level 13.0 Staves
 + Level 13.0 Slings
 + Level 13.0 Bows
 + Level 13.0 Crossbows
 + Level 13.2 Throwing
 + Level 13.2 Armour
 + Level 13.7 Dodging
 + Level 13.0 Stealth
 + Level 13.0 Shields
 + Level 13.0 Unarmed Combat
 + Level 13.8 Spellcasting
 + Level 11.0 Conjurations
 + Level 11.0 Hexes
 + Level 11.0 Summonings
 + Level 11.0 Necromancy
 + Level 12.2 Translocations
 + Level 11.0 Transmutations
 + Level 11.0 Fire Magic
 + Level 11.0 Ice Magic
 + Level 11.0 Air Magic
 + Level 11.0 Earth Magic
 + Level 11.0 Poison Magic
 + Level 14.0 Invocations
 + Level 13.0 Evocations


You had 26 spell levels left.
You knew the following spells:

 Your Spells              Type           Power      Damage    Failure   Level
a - Scorch                Fire           100%       2d10      1%          2
b - Ozocubu's Armour      Ice            92%        N/A       1%          3
c - Irradiate             Conj/Tmut      36%        3d25      1%          5
d - Blink                 Tloc           100%       N/A       1%          2
e - Ozocubu's Refrigerat  Ice            46%        4d14      24%         7
f - Apportation           Tloc           100%       N/A       0%          1

Your spell library contained the following spells:

 Spells                   Type           Power      Damage    Failure   Level
 Animate Skeleton         Necr           100%       N/A       1%          1
 Magic Dart               Conj           100%       1d8       1%          1
 Pain                     Necr           100%       1d9       1%          1
 Shock                    Conj/Air       100%       1d9       1%          1
 Slow                     Hex            100%       N/A       1%          1
 Call Imp                 Summ           72%        N/A       1%          2
 Corpse Rot               Necr/Air       100%       N/A       1%          2
 Ensorcelled Hibernation  Hex/Ice        100%       N/A       1%          2
 Passwall                 Tmut/Erth      76%        N/A       1%          2
 Static Discharge         Conj/Air       92%        N/A       1%          2
 Sublimation of Blood     Necr           72%        N/A       1%          2
 Wereblood                Tmut           72%        N/A       1%          2
 Call Canine Familiar     Summ           72%        N/A       1%          3
 Confusing Touch          Hex            72%        N/A       1%          3
 Dazzling Flash           Conj/Hex       100%       N/A       1%          3
 Gell's Gravitas          Tloc           76%        N/A       1%          3
 Inner Flame              Hex/Fire       92%        N/A       1%          3
 Lesser Beckoning         Tloc           76%        N/A       1%          3
 Mephitic Cloud           Conj/Pois/Air  92%        N/A       1%          3
 Portal Projectile        Hex/Tloc       100%       N/A       1%          3
 Spider Form              Tmut/Pois      72%        N/A       1%          3
 Summon Guardian Golem    Hex/Summ       72%        N/A       1%          3
 Swiftness                Air            92%        N/A       1%          3
 Teleport Other           Tloc           76%        N/A       1%          3
 Vampiric Draining        Necr           72%        2d11      1%          3
 Anguish                  Hex/Necr       36%        N/A       1%          4
 Dispel Undead            Necr           72%        3d24      1%          4
 Flame Wave               Conj/Fire      92%        2d16      1%          4
 Fulminant Prism          Conj/Hex       36%        3d18      1%          4
 Iskenderun's Mystic Bla  Conj/Tloc      74%        2d15      1%          4
 Petrify                  Tmut/Erth      92%        N/A       1%          4
 Sticky Flame             Conj/Fire      92%        2d10      1%          4
 Summon Ice Beast         Ice/Summ       92%        N/A       1%          4
 Alistair's Intoxication  Tmut/Pois      48%        N/A       1%          5
 Blade Hands              Tmut           36%        N/A       1%          5
 Excruciating Wounds      Necr           36%        N/A       1%          5
 Lee's Rapid Deconstruct  Erth           46%        3d23*     1%          5
 Manifold Assault         Tloc           76%        N/A       1%          5
 Summon Forest            Summ/Tloc      37%        N/A       1%          5
 Summon Mana Viper        Hex/Summ       72%        N/A       1%          5
 Death Channel            Necr           36%        N/A       4%          6
 Eringya's Noxious Bog    Tmut/Pois      36%        N/A       4%          6
 Starburst                Conj/Fire      46%        6d13      4%          6
 Summon Cactus Giant      Summ           36%        N/A       4%          6
 Malign Gateway           Summ/Tloc      37%        N/A       19%         7
 Dragon Form              Tmut           36%        N/A       24%         7
 Monstrous Menagerie      Summ           36%        N/A       24%         7
 Orb of Destruction       Conj           36%        9d11      24%         7
 Spellforged Servitor     Conj/Summ      36%        N/A       24%         7
 Summon Hydra             Summ           36%        N/A       24%         7
 Summon Horrible Things   Summ           36%        N/A       88%         8


Dungeon Overview and Level Annotations

Branches:
Dungeon (15/15)              Lair (6/6) D:11          Swamp (0/4) Lair:4
 Spider (0/4) Lair:2        Slime (0/5) Lair:5          Orc (2/2) D:11
    Elf (3/3) Orc:2        Vaults (0/5) D:13         Depths (1/4) D:15
  Sewer (visited)          Bailey (visited)         Gauntlet (visited)
 Temple: D:4-7

Altars:
Cheibriados
Fedhas
Gozag
Hepliaklqana
Kikubaaqudgha
Makhleb
Okawaru
Qazlal
Sif Muna
Trog
Vehumet
Wu Jian
Yredelemnul
The Shining One

Shops:
D:9 *   Orc:2 :!*[?(   Elf:2 *

Portals:
Hell: Depths:1
Pandemonium: Depths:1

Annotations:
D:6 exclusion: boulder beetle
Lair:4 2 transporters
Depths:1 Usuebad's ghost, adept DgCj


Innate Abilities, Weirdness & Mutations

You have very sharp teeth.
Your uncanny sense of smell can sniff out nearby items.
Your experience applies equally to all skills.
You are clumsy. (Dex -2)
Armour fits poorly on your strangely shaped body.


Message History

You freeze Usuebad's ghost! You punch Usuebad's ghost!
Your bite misses Usuebad's ghost.
Usuebad's ghost is severely damaged.
Usuebad's ghost gestures next to you while chanting.
The wall shatters!
The blast of rock fragments hits you!!
You miss Usuebad's ghost.
Usuebad's ghost is severely damaged.
Usuebad's ghost gestures next to you while chanting.
The wall shatters!
The blast of rock fragments hits you!!
Casting: Irradiate (mildly dangerous; 1% risk of failure)
Confirm with . or Enter, or press ? or * to list all spells.
You erupt in a fountain of uncontrolled magic!
Usuebad's ghost is blasted with magical radiation!
Usuebad's ghost is severely damaged.
Usuebad's ghost points at you and mumbles some strange words.
The lance of force hits you!
You are knocked back by the lance of force.
You slam into the translucent stone wall!
You hit Usuebad's ghost but do no damage.
You freeze Usuebad's ghost!!
Usuebad's ghost is almost destroyed.
Usuebad's ghost misses you.
You miss Usuebad's ghost.
Usuebad's ghost is almost destroyed.
Usuebad's ghost barely misses you.
You closely miss Usuebad's ghost.
You punch Usuebad's ghost, but do no damage.
Usuebad's ghost is almost destroyed.
Usuebad's ghost casts a spell next to you.
The wall shatters!
The blast of rock fragments hits you!!
* * * LOW HITPOINT WARNING * * *
You miss Usuebad's ghost.
Usuebad's ghost is severely damaged.
Usuebad's ghost completely misses you.
You hit Usuebad's ghost but do no damage.
You burn Usuebad's ghost!
Usuebad's ghost is almost destroyed.
Usuebad's ghost points next to you and mumbles some strange words.
The wall shatters!
The blast of rock fragments hits you!!!
You die...

.......^..=......................
.................................
.................................
.................................
................#..#.............
...#......#.###....#..##.###.....
............#[##.........##......
...........##$.#.................
#....##....#:..#@................
##........###⌠.'.W......#....#...
#.#.#.....#[?_.'....#.....##.....
#.#.###...###⌠.'...........#.....
#...##..##.#=..#.................
.........#.##..#..........)......
..#.#.......#=##..........)(.....
###......#..###........#..)......
###......#............##.........


You could see Usuebad's ghost.

Vanquished Creatures
  A dread lich (Depths:1)
  An ancient lich (Depths:1)
  A golden dragon (Depths:1)
  Jorgrun (D:15)
  A tentacled monstrosity (Abyss:4)
  Rupert (Lair:6)
  3 liches (Depths:1)
  A walking crystal tome (Depths:1)
  2 deep elf blademasters (Elf:3)
  An Executioner (Abyss:4)
  2 deep elf master archers (Elf:3)
  4 tentacled starspawn (Abyss:4)
  A tengu reaver (Depths:1)
  A frost giant (Depths:1)
  4 fire giants (Depths:1)
  A deep elf sorcerer (Elf:3)
  2 orc warlords (Orc:2)
  Aizul (Elf:1)
  4 deep elf elementalists (Elf:3)
  A balrug (Depths:1)
  5 stone giants (Depths:1)
  4 very ugly things
  A reaper (Abyss:4)
  5 deep elf demonologists (Elf:3)
  5 deep elf annihilators (Elf:3)
  2 minotaurs
  Josephine (D:11)
  An eidolon (Abyss:4)
  Snorg (D:11)
  3 fire dragons (Depths:1)
  7 deep elf death magi (Elf:3)
  7 ettins
  Harold (D:9)
  2 deep elf high priests
  2 rakshasas (Abyss:4)
  7 boulder beetles
  6 hydras
  2 caustic shrike simulacra (D:14)
  An ice dragon (Depths:1)
  6 centaur warriors
  2 deep troll shamans (Depths:1)
  5 tengu warriors
  4 death yaks
  5 orc high priests (Orc:2)
  5 deep troll earth magi (Depths:1)
  A thrashing horror (Abyss:4)
  Urug (Orc:2)
  20 dancing weapons
  A sun demon (Depths:1)
  A spriggan berserker (Depths:1)
  4 hell knights (Depths:1)
  13 deep elf knights
  A shadow wraith (Abyss:4)
  8 wretched stars
  An iron troll (Depths:1)
  A sixfirhy (Abyss:2)
  3 deep trolls (Depths:1)
  A spatial maelstrom (Abyss:4)
  An orb spider (Lair:2)
  A swamp dragon (shapeshifter) (D:13)
  An obsidian statue (Depths:1)
  2 flayed ghosts (Abyss:4)
  4 wizards
  5 deep elf archers
  2 necromancers
  3 lindwurms
  A spriggan simulacrum (D:14)
  30 deep elf pyromancers
  Pikel (D:4)
  2 wolf spider zombies (D:15)
  4 orc knights
  2 manticores (D:13)
  24 deep elf zephyrmancers
  5 orc sorcerers
  7 cyclopes
  2 will-o-the-wisps (Abyss:4)
  16 ugly things
  A worldbinder (Abyss:4)
  An oklob plant (Lair:5)
  Maurice (Orc:2)
  7 black mambas
  An ice statue (D:14)
  2 naga magi (D:15)
  A centaur zombie (D:15)
  6 smoke demons
  A torpor snail (Lair:5)
  3 elephants (Lair:5)
  4 gargoyles
  An apocalypse crab (Abyss:4)
  A rust devil (Abyss:4)
  4 rime drakes
  11 cane toads
  3 yaktaurs (D:15)
  2 unseen horrors
  An entropy weaver simulacrum (D:14)
  4 freezing wraiths
  12 komodo dragons
  3 kobold demonologists
  2 tengu conjurers (D:14)
  3 efreet
  5 ancient zymes
  A burning bush (Lair:3)
  A silent spectre (Abyss:4)
  A hellwing (Abyss:2)
  9 polar bears
  10 trolls
  4 hornets
  13 blink frogs
  15 slime creatures
  A raiju (Abyss:2)
  15 dream sheep
  3 jumping spiders (Lair:2)
  4 air elementals
  3 centaur simulacra
  A shadow (D:13)
  49 starcursed masses
  5 water elementals
  16 large abominations (Abyss:4)
  5 wyverns
  10 spriggans (Lair:6)
  2 ynoxinuls
  12 basilisks
  6 fire elementals
  A vampire (D:13)
  A fire bat (D:10)
  43 yaks
  2 minotaur simulacra (D:14)
  16 vampire mosquitoes
  4 steam dragons
  7 wraiths
  5 neqoxecs
  5 golden eyes (Abyss:4)
  3 chaos spawn (Abyss:4)
  4 spatial vortices (Abyss:4)
  4 wargs
  An acid dragon (D:13)
  19 water moccasins
  37 orc warriors
  10 small abominations
  A floating eye (Abyss:4)
  3 black bears
  A swamp drake (D:9)
  An ice beast (D:5)
  4 boggarts (Lair:6)
  8 ogres
  40 wolves
  13 centaurs
  2 lemures (D:4)
  2 kobold brigands
  2 gnoll sergeants
  8 bullfrogs
  6 necrophages
  2 scorpions
  An earth elemental (Elf:2)
  2 hornet simulacra
  2 howler monkeys
  7 electric eels
  A crimson imp (D:9)
  A lava snake (Lair:2)
  2 quasits (Abyss:4)
  A hound (D:7)
  12 orc priests
  4 iron imps
  14 jellies
  Natasha (twice) (D:2)
  An iguana (D:5)
  27 orc wizards
  Robin (D:4)
  18 gnolls
  17 adders
  7 river rats (Sewer)
  A shadow imp (D:9)
  7 white imps
  3 ufetubi
  5 worms
  6 dart slugs
  91 orcs
  10 endoplasms
  7 giant cockroaches
  25 goblins
  15 hobgoblins
  9 jackals
  10 quokkas
  7 ball pythons
  18 bats
  3 frilled lizards
  20 kobolds
  6 rats
  A lurking horror (Abyss:4)
  A starspawn tentacle (Abyss:4)
1179 creatures vanquished.

Vanquished Creatures (others)
  Asterion (Elf:3)
  A very ugly thing (D:14)
  A deep elf pyromancer (Elf:1)
  A small abomination (Abyss:4)
  A gnoll shaman (D:8)
  An orc wizard (D:11)
  A gnoll (D:8)
  A shadow imp (D:8)
  A demonic plant (Abyss:4)
  55 fungi
  28 plants
  12 starspawn tentacles (Abyss:4)
104 creatures vanquished.

Grand Total: 1283 creatures vanquished

Notes
Turn   | Place    | Note
-------+----------+-------------------------------------------
     0 | D:1      | frimble the Gnoll Warper began the quest for the Orb.
     0 | D:1      | Reached XP level 1. HP: 20/20 MP: 6/6
   254 | D:1      | Reached XP level 2. HP: 26/26 MP: 7/7
   350 | D:1      | Learned a level 2 spell: Blink
   589 | D:1      | Reached XP level 3. HP: 13/31 MP: 9/9
   669 | D:1      | Reached skill level 5 in Spellcasting
  1355 | D:2      | Noticed Natasha
  1364 | D:2      | Killed Natasha
  1365 | D:2      | Reached skill level 1 in Short Blades
  1365 | D:2      | Reached skill level 1 in Axes
  1365 | D:2      | Reached skill level 1 in Maces & Flails
  1365 | D:2      | Reached skill level 1 in Polearms
  1365 | D:2      | Reached skill level 1 in Staves
  1365 | D:2      | Reached skill level 1 in Slings
  1365 | D:2      | Reached skill level 1 in Bows
  1365 | D:2      | Reached skill level 1 in Crossbows
  1365 | D:2      | Reached skill level 1 in Stealth
  1365 | D:2      | Reached skill level 1 in Shields
  1365 | D:2      | Reached skill level 1 in Unarmed Combat
  1365 | D:2      | Reached skill level 1 in Invocations
  1365 | D:2      | Reached skill level 1 in Evocations
  1365 | D:2      | Reached XP level 4. HP: 22/38 MP: 11/11
  1558 | D:2      | Noticed Natasha
  1573 | D:2      | Killed Natasha
  1574 | D:2      | Reached skill level 1 in Conjurations
  1574 | D:2      | Reached skill level 1 in Hexes
  1574 | D:2      | Reached skill level 1 in Summonings
  1574 | D:2      | Reached skill level 1 in Necromancy
  1574 | D:2      | Reached skill level 1 in Transmutations
  1574 | D:2      | Reached skill level 1 in Fire Magic
  1574 | D:2      | Reached skill level 1 in Ice Magic
  1574 | D:2      | Reached skill level 1 in Air Magic
  1574 | D:2      | Reached skill level 1 in Earth Magic
  1574 | D:2      | Reached skill level 1 in Poison Magic
  1769 | D:2      | Found a hazy altar of Hepliaklqana.
  1802 | D:2      | Learned a level 3 spell: Ozocubu's Armour
  2480 | D:3      | Reached XP level 5. HP: 43/43 MP: 12/12
  2950 | D:3      | Found a basalt altar of Yredelemnul.
  2963 | D:3      | Identified the +6 ring mail "Uruegg" {Rampage rPois rC-
                  | Stlth+}
  3391 | D:3      | Reached skill level 2 in Invocations
  3391 | D:3      | Reached XP level 6. HP: 22/50 MP: 13/13
  3817 | D:4      | Found a glowing drain.
  3850 | Sewer    | Entered a sewer
  3936 | Sewer    | Reached skill level 5 in Fighting
  3936 | Sewer    | Reached skill level 5 in Long Blades
  3936 | Sewer    | Reached skill level 5 in Dodging
  4727 | D:4      | Reached XP level 7. HP: 56/56 MP: 15/15
  4751 | D:4      | Noticed Robin
  4788 | D:4      | Killed Robin
  4961 | D:4      | Noticed Pikel
  5590 | D:4      | Killed Pikel
  5591 | D:4      | Reached skill level 3 in Invocations
  5591 | D:4      | Reached XP level 8. HP: 40/63 MP: 16/16
  5794 | D:5      | Entered Level 5 of the Dungeon
  5820 | D:5      | Found a burning altar of Makhleb.
  6095 | D:5      | Found an ornate altar of the Wu Jian Council.
  6173 | D:5      | Noticed a wraith
  6180 | D:5      | Learned a level 5 spell: Irradiate
  6189 | D:5      | Killed a wraith
  6272 | D:5      | Reached skill level 4 in Invocations
  6999 | D:6      | Reached XP level 9. HP: 69/69 MP: 18/18
  7072 | D:6      | Found a radiant altar of Vehumet.
  7577 | D:6      | Noticed a boulder beetle
  7711 | D:7      | Reached skill level 5 in Throwing
  7711 | D:7      | Reached skill level 5 in Armour
  7976 | D:7      | Identified the +0 helmet of Bitterness {Drain rElec rCorr
                  | Dex+6}
  9007 | D:8      | Reached skill level 5 in Invocations
  9808 | D:8      | Noticed a hornet
  9813 | D:8      | a hornet changed into a wyvern
 10083 | D:9      | Reached XP level 10. HP: 22/77 MP: 20/20
 10205 | D:9      | Found a flagged portal.
 10222 | Bailey   | Entered a bailey
 10610 | Bailey   | Reached skill level 5 in Short Blades
 10610 | Bailey   | Reached skill level 5 in Axes
 10610 | Bailey   | Reached skill level 5 in Maces & Flails
 10610 | Bailey   | Reached skill level 5 in Polearms
 10610 | Bailey   | Reached skill level 5 in Staves
 10610 | Bailey   | Reached skill level 5 in Slings
 10610 | Bailey   | Reached skill level 5 in Bows
 10610 | Bailey   | Reached skill level 5 in Crossbows
 10610 | Bailey   | Reached skill level 5 in Stealth
 10610 | Bailey   | Reached skill level 5 in Shields
 10610 | Bailey   | Reached skill level 5 in Unarmed Combat
 10610 | Bailey   | Reached skill level 5 in Evocations
 10619 | Bailey   | Found an iron altar of Okawaru.
 10619 | Bailey   | Noticed a kobold demonologist
 10619 | Bailey   | Noticed a kobold demonologist
 10626 | Bailey   | Noticed a rust devil
 10627 | Bailey   | Noticed a smoke demon
 10628 | Bailey   | Killed a kobold demonologist
 10640 | Bailey   | Killed a kobold demonologist
 10885 | Bailey   | Learned a level 2 spell: Scorch
 10925 | Bailey   | Identified the +2 ring mail of the Garden {Str+3}
 11135 | Bailey   | Acquired 779 gold pieces
 11588 | D:9      | Noticed Harold
 11592 | D:9      | Found an iron altar of Okawaru.
 11603 | D:9      | Killed Harold
 11604 | D:9      | Reached skill level 6 in Invocations
 12042 | D:9      | Found a snail-covered altar of Cheibriados.
 12043 | D:9      | Found a blossoming altar of Fedhas.
 12133 | D:9      | Reached XP level 11. HP: 78/84 MP: 19/22
 12181 | D:9      | Found Cugiyroe's Fire Supplies.
 12355 | D:9      | Reached skill level 5 in Conjurations
 12355 | D:9      | Reached skill level 5 in Hexes
 12355 | D:9      | Reached skill level 5 in Summonings
 12355 | D:9      | Reached skill level 5 in Necromancy
 12355 | D:9      | Reached skill level 5 in Transmutations
 12355 | D:9      | Reached skill level 5 in Fire Magic
 12355 | D:9      | Reached skill level 5 in Ice Magic
 12355 | D:9      | Reached skill level 5 in Air Magic
 12355 | D:9      | Reached skill level 5 in Earth Magic
 12355 | D:9      | Reached skill level 5 in Poison Magic
 12355 | D:9      | Noticed a deep elf pyromancer
 12362 | D:9      | Killed a deep elf pyromancer
 12373 | D:9      | Noticed a deep elf pyromancer
 12396 | D:9      | Killed a deep elf pyromancer
 12600 | D:9      | Found a bloodstained altar of Trog.
 12632 | D:9      | Found a shimmering blue altar of Sif Muna.
 12645 | D:9      | Got Sif Muna's Catalogue of Conjuration
 12960 | D:9      | Became a worshipper of Cheibriados the Contemplative
 12976 | D:10     | Entered Level 10 of the Dungeon
 12983 | D:10     | Found an opulent altar of Gozag.
 13046 | D:10     | Noticed Sonja
 13047 | D:10     | Noticed Sonja
 13047 | D:10     | Sonja changed into Sonja the fire bat
 13056 | D:10     | Killed Sonja the fire bat
 13221 | D:10     | Found a glowing golden altar of the Shining One.
 13303 | D:10     | Noticed a white ugly thing
 13395 | D:10     | Reached skill level 7 in Invocations
 13568 | D:10     | Identified the +5 spear of Fury {holy, rF+ rC+ Dex+3}
 13838 | D:10     | Noticed a deep elf pyromancer
 14116 | D:11     | Noticed a cyclops
 14161 | D:11     | You fall into a shaft and drop 2 floors!
 14206 | D:13     | Found a gate leading to a gauntlet.
 14215 | Gauntlet | Entered a Gauntlet
 14215 | Gauntlet | Noticed a fire crab
 14215 | Gauntlet | Found a transporter.
 14222 | Gauntlet | Found a transporter.
 14224 | Gauntlet | Found a transporter.
 14229 | Gauntlet | Found a runed translucent door.
 14231 | Gauntlet | Found a runed translucent door.
 14234 | Gauntlet | Found a transporter.
 14237 | Gauntlet | Found a transporter.
 14240 | Gauntlet | Noticed a wretched star
 14249 | Gauntlet | Found a transporter.
 14264 | Gauntlet | Found a transporter.
 14275 | Gauntlet | Found a transporter.
 14282 | Gauntlet | Noticed a ghost crab
 14285 | Gauntlet | Found a runed translucent gate.
 14286 | Gauntlet | Found a transporter.
 14286 | Gauntlet | Found a runed translucent gate.
 14287 | Gauntlet | Found a runed translucent gate.
 14291 | Gauntlet | Found a transporter.
 14291 | Gauntlet | Found a transporter.
 14320 | Gauntlet | Found a transporter.
 14320 | Gauntlet | Found a transporter.
 14322 | Gauntlet | Noticed a tengu warrior
 14375 | Gauntlet | Found a transporter.
 14952 | Gauntlet | Identified the +1 pair of boots of Xecwiras {rC+}
 14972 | Gauntlet | Killed a wretched star
 15196 | Gauntlet | Noticed a minotaur
 15206 | Gauntlet | Killed a minotaur
 15206 | Gauntlet | Reached * piety under Cheibriados
 15222 | Gauntlet | Identified the +6 dire flail "Xusoob" {freeze, Fly rF++
                  | Str+2 Dex-5}
 15480 | D:12     | Found a runed translucent door.
 15554 | D:11     | Reached XP level 12. HP: 75/93 MP: 20/24
 15785 | D:11     | Found a staircase to the Orcish Mines.
 15924 | D:11     | Noticed Snorg
 16381 | D:11     | Noticed Josephine
 16455 | D:11     | Killed Josephine
 16466 | D:10     | Reached ** piety under Cheibriados
 16472 | D:10     | Reached skill level 8 in Invocations
 16651 | D:11     | Found a staircase to the Lair.
 17010 | Lair:1   | Entered Level 1 of the Lair of Beasts
 17147 | Lair:1   | Reached *** piety under Cheibriados
 17911 | Lair:2   | Found a hole to the Spider Nest.
 18052 | Lair:2   | Noticed a seven-headed hydra
 18062 | Lair:2   | Killed a seven-headed hydra
 18080 | Lair:2   | Reached XP level 13. HP: 101/101 MP: 22/26
 18516 | Lair:2   | Reached **** piety under Cheibriados
 18544 | Lair:2   | Found a runed translucent door.
 19028 | Lair:3   | Reached skill level 9 in Invocations
 19832 | Lair:4   | Found a transporter.
 19834 | Lair:4   | Found a transporter.
 19863 | Lair:4   | Reached ***** piety under Cheibriados
 20261 | Lair:4   | Found a staircase to the Swamp.
 20663 | Lair:5   | Reached skill level 10 in Spellcasting
 20857 | Lair:5   | Found a staircase to the Slime Pits.
 20972 | Lair:5   | Reached skill level 10 in Fighting
 20972 | Lair:5   | Reached skill level 10 in Long Blades
 20972 | Lair:5   | Reached skill level 10 in Dodging
 20972 | Lair:5   | Reached XP level 14. HP: 105/110 MP: 24/28
 21318 | Lair:5   | Identified the +4 ring mail "Taulul" {rPois rCorr Int+3
                  | Dex+2}
 21477 | Lair:5   | Identified the +2 scale mail of the Heavens {Fly}
 21548 | Lair:6   | Entered Level 6 of the Lair of Beasts
 21682 | Lair:6   | Reached ****** piety under Cheibriados
 21798 | Lair:6   | Reached skill level 10 in Invocations
 22134 | Lair:6   | Noticed Rupert
 22438 | Lair:6   | Killed Rupert
 22676 | Lair:6   | Identified the +3 dagger "Ilagem" {holy, rElec Str-4 Int+5}
 23099 | Lair:2   | Found a runed translucent gate.
 23099 | Lair:2   | Found a runed translucent gate.
 23099 | Lair:2   | Found a runed translucent gate.
 23099 | Lair:2   | Found a runed translucent gate.
 23100 | Lair:2   | Found a runed translucent gate.
 23102 | Lair:2   | Found a runed translucent gate.
 23170 | Lair:2   | Reached skill level 10 in Throwing
 23170 | Lair:2   | Reached skill level 10 in Armour
 23317 | D:11     | Killed Snorg
 23554 | D:12     | Reached XP level 15. HP: 117/117 MP: 26/29
 24335 | D:13     | Reached skill level 10 in Translocations
 24478 | D:13     | Found the +4 moon troll leather armour {Spirit, Regen++
                  | MP+5}
 24654 | D:13     | Reached skill level 10 in Short Blades
 24654 | D:13     | Reached skill level 10 in Axes
 24654 | D:13     | Reached skill level 10 in Maces & Flails
 24654 | D:13     | Reached skill level 10 in Polearms
 24654 | D:13     | Reached skill level 10 in Staves
 24654 | D:13     | Reached skill level 10 in Slings
 24654 | D:13     | Reached skill level 10 in Bows
 24654 | D:13     | Reached skill level 10 in Crossbows
 24654 | D:13     | Reached skill level 10 in Stealth
 24654 | D:13     | Reached skill level 10 in Shields
 24654 | D:13     | Reached skill level 10 in Unarmed Combat
 24654 | D:13     | Reached skill level 10 in Evocations
 24807 | D:13     | Found a gate to the Vaults.
 25150 | D:14     | Reached skill level 11 in Invocations
 25861 | D:14     | Found a stormy altar of Qazlal.
 26113 | D:15     | Entered Level 15 of the Dungeon
 26113 | D:15     | Noticed Jorgrun
 26132 | D:15     | Killed Jorgrun
 26965 | D:15     | Reached XP level 16. HP: 125/126 MP: 31/31
 26969 | D:15     | Paralysed by an orc sorcerer for 4 turns
 27017 | D:15     | Found a staircase to the Depths.
 27255 | Orc:1    | Entered Level 1 of the Orcish Mines
 27700 | Orc:2    | Entered Level 2 of the Orcish Mines
 28003 | Orc:2    | Found Kikk's Book Shop.
 28049 | Orc:2    | Found Ahuryup's General Store.
 28236 | Orc:2    | Noticed Urug
 28237 | Orc:2    | Found Emiupuol's Antique Armour Shoppe.
 28251 | Orc:2    | Killed Urug
 28374 | Orc:2    | Bought a scroll of teleportation for 42 gold pieces
 28455 | Orc:2    | Found Xodeyxto's Antique Weapon Emporium.
 28469 | Orc:2    | Found Cegagano's Magic Scroll Emporium.
 28487 | Orc:2    | Bought a scroll of blinking for 97 gold pieces
 28506 | Orc:2    | Found Ehec's Distillery.
 28514 | Orc:2    | Bought a potion of heal wounds for 55 gold pieces
 28514 | Orc:2    | Bought a potion of magic for 88 gold pieces
 28519 | Orc:2    | Noticed Maurice
 28530 | Orc:2    | Killed Maurice
 28858 | Orc:2    | Found a staircase to the Elven Halls.
 28873 | Elf:1    | Entered Level 1 of the Elven Halls
 28913 | Elf:1    | Learned a level 7 spell: Ozocubu's Refrigeration
 28971 | Elf:1    | Reached skill level 12 in Invocations
 29066 | Elf:1    | Got the Grimoire of Summoning
 29071 | Elf:1    | You fall into a shaft and drop 1 floor!
 29241 | Elf:2    | Found a runed translucent gate.
 29241 | Elf:2    | Found a runed translucent gate.
 29241 | Elf:2    | Found a runed translucent gate.
 29773 | Elf:2    | Reached XP level 17. HP: 133/133 MP: 33/33
 29881 | Elf:1    | Paralysed by an air elemental for 1 turns
 30160 | Elf:1    | Noticed Aizul
 30178 | Elf:1    | Killed Aizul
 31006 | Elf:2    | Found Yrpheddo's Assorted Antiques.
 31138 | Elf:2    | Bought a potion of heal wounds for 145 gold pieces
 31166 | Elf:3    | Entered Level 3 of the Elven Halls
 31370 | Elf:3    | Noticed a deep elf master archer
 31372 | Elf:3    | Noticed Asterion
 31378 | Elf:3    | Killed a deep elf master archer
 31388 | Elf:3    | Killed Asterion
 31389 | Elf:3    | Noticed a deep elf blademaster
 31507 | Elf:3    | Killed a deep elf blademaster
 31508 | Elf:3    | Reached skill level 10 in Conjurations
 31508 | Elf:3    | Reached skill level 10 in Hexes
 31508 | Elf:3    | Reached skill level 10 in Summonings
 31508 | Elf:3    | Reached skill level 10 in Necromancy
 31508 | Elf:3    | Reached skill level 10 in Transmutations
 31508 | Elf:3    | Reached skill level 10 in Fire Magic
 31508 | Elf:3    | Reached skill level 10 in Ice Magic
 31508 | Elf:3    | Reached skill level 10 in Air Magic
 31508 | Elf:3    | Reached skill level 10 in Earth Magic
 31508 | Elf:3    | Reached skill level 10 in Poison Magic
 31515 | Elf:3    | Noticed a deep elf blademaster
 31555 | Elf:3    | Identified the +11 flail of Dithmenos's Outrage {antimagic,
                  | Contam rN+++ Dex+4 SInv}
 31555 | Elf:3    | Identified the ring "Yxyucvo" {Wiz rElec}
 31740 | Elf:3    | Identified the ring "Doefolor" {rPois rF+ Will- rCorr
                  | Str-2}
 31835 | Elf:3    | Identified the +12 mace of Vuoblas {protect, rF++ SInv}
 32026 | Elf:3    | Identified the +4 ring mail of Melancholy {rPois rN+}
 32282 | Elf:3    | Noticed a deep elf master archer
 32293 | Elf:3    | Killed a deep elf master archer
 32294 | Elf:3    | Reached skill level 13 in Invocations
 32320 | Elf:3    | Killed a deep elf blademaster
 32431 | Elf:3    | Identified the +1 robe "Fiusch" {rElec rCorr Dex-3}
 32431 | Elf:3    | Identified the ring of the Turtle {Wiz Str+7 Dex-3}
 32442 | Elf:3    | Noticed a Tzitzimitl
 32470 | Elf:3    | Reached XP level 18. HP: 142/142 MP: 5/35
 32474 | Elf:3    | Cast into level 2 of the Abyss (a deep elf demonologist)
 32975 | Abyss:4  | Gained mutation: You are clumsy. (Dex -2) [a neqoxec]
 33326 | Abyss:4  | Noticed a tentacled monstrosity
 33343 | Abyss:4  | Killed a tentacled monstrosity
 33455 | Abyss:4  | Paralysed by accursed screaming for 1 turns
 33675 | Abyss:4  | Noticed a Hell Sentinel
 33890 | Abyss:4  | Paralysed by accursed screaming for 1 turns
 33904 | Abyss:4  | Paralysed by accursed screaming for 2 turns
 33912 | Abyss:4  | Paralysed by accursed screaming for 2 turns
 34106 | Abyss:4  | Reached XP level 19. HP: 143/148 MP: 22/36
 34106 | Abyss:4  | Reached XP level 20. HP: 149/155 MP: 22/37
 34106 | Abyss:4  | Got an abyssal rune of Zot
 34330 | Elf:3    | Escaped the Abyss
 34361 | Elf:3    | Identified the +0 robe "Qakkis" {Rampage}
 34422 | Elf:3    | Got the Collected Works on the Escort and the Arsonist
 34439 | Elf:3    | Identified the ring "Leirgh" {Wiz Drain Fly rF+ Stlth+}
 34929 | Depths:1 | Entered Level 1 of the Depths
 35194 | Depths:1 | Noticed a golden dragon
 35215 | Depths:1 | Killed a golden dragon
 35273 | Depths:1 | Learned a level 1 spell: Apportation
 35782 | Depths:1 | Found a one-way gate leading to the halls of Pandemonium.
 35881 | Depths:1 | Found a runed translucent gate.
 35881 | Depths:1 | Found a runed translucent gate.
 35881 | Depths:1 | Found an ancient bone altar of Kikubaaqudgha.
 35881 | Depths:1 | Found a runed translucent gate.
 35882 | Depths:1 | Noticed a dread lich
 35882 | Depths:1 | Noticed Usuebad's ghost (adept DgCj)
 35883 | Depths:1 | Noticed an ancient lich
 36386 | Depths:1 | Found a gateway to Hell.
 36527 | Depths:1 | Reached skill level 14 in Invocations
 36838 | Depths:1 | Killed a dread lich
 36841 | Depths:1 | Killed an ancient lich
 36841 | Depths:1 | Gained mutation: Armour fits poorly on your strangely
                  | shaped body. [mutagenic glow]
 36870 | Depths:1 | Killed from afar by Usuebad's ghost

Illustrated notes

Levels and vault maps discovered:
D:1:      dpeg_arrival_pond, layout_basic, minmay_cupped
D:2:      layout_basic, basic_altar, uniq_natasha
D:3:      layout_rooms, lemuel_crystal_altar
D:4:      layout_rooms, gup_sewer_entry_pipe, kennysheep_generic_room_7,
          uniq_pikel, uniq_robin
D:5:      layout_rooms, nicolae_wu_jian_wuxing_cycle, demons_altar
D:6:      layout_loops_cross, mainiacjoe_overflow_alcove_2, temple_hall,
          hex_tiny
D:7:      layout_gridville
D:8:      layout_loops_ring, minmay_misc_feat_room
D:9:      kennysheep_steamy, layout_basic,
          nzn_overflow_gifts_of_might_and_magic, mainiacjoe_overflow_alcove_1,
          mainiacjoe_overflow_divided_tiny, enter_bailey_2, minmay_fountain_box,
          library_closet, nicolae_shop_fire_sale [nicolae_sub_dead_trees],
          hangedman_minor_magic, uniq_harold
D:10:     layout_small_grid, tso_oasis_becter, grunt_gozag_statues,
          dilly_guarded_unrand_elemental_staff, uniq_sonja
D:11:     layout_cave_pools, lair_entry_dummy, hiddenorc2_lemuel, uniq_snorg,
          uniq_josephine
D:12:     dreamdust_labyrinth, layout_basic, serial_curves, eino_curves_04,
          eino_curves_02, eino_curves_02, eino_curves_02,
          kennysheep_generic_room_12
D:13:     layout_loops_cross, david_vaults_1, gauntlet_entry_generic,
          minivault_25, kennysheep_generic_room_2
D:14:     dreamdust_isle_of_ice, layout_loops_ring, grunt_qazlal_clouds
D:15:     grunt_enter_depths_magical_seal, layout_loops_corners,
          serial_bayou_shore_b, uniq_jorgrun
Lair:1:   layout_cellular_growth
Lair:2:   gammafunk_indiana_jones, layout_regular_city,
          nicolae_spider_entry_orb_guardian, beast_lair_carwin_7
Lair:3:   layout_loops_ring, evilmike_ambush [evilmike_ambush_outer_corners,
          evilmike_ambush_inner_basic]
Lair:4:   gammafunk_boulding_lane, layout_regular_city,
          minmay_swamp_entry_swarm, grunt_megastairs_3,
          infiniplex_staircase_pool
Lair:5:   layout_big_grid, minmay_slime_entry_jelly_boxes, st_stairs_11,
          disabler_island
Lair:6:   minmay_lair_end_enchanted_forest, layout_big_grid, uniq_rupert
Orc:1:    layout_caves
Orc:2:    grunt_orc_gardens, layout_caves, grunt_orc_garden, grunt_orc_garden,
          grunt_orc_garden, grunt_orc_garden, serial_shops, shop,
          nicolae_shop_statue_plus, nicolae_orc_lava_tube, uniq_urug,
          uniq_maurice
Elf:1:    nicolae_elf_arrival_aired_out, layout_loops_corners,
          minmay_elf_demonology, uniq_aizul
Elf:2:    elven_hall_of_blades_hangedman_original [mumra_blade_entry_dagger],
          layout_geoelf_diagonals, serial_shops, nicolae_shop_waterfront
Elf:3:    grunt_elf_hall_branching, layout_loops_corners,
          nicolae_elf_stone_circles, grunt_ministairs_7, uniq_asterion
Depths:1: layout_cave_shapes, lightli_too_deep, gammafunk_ghost_crypt,
          pan_entry, serial_bayou_pond_b, nzn_random_ring, grunt_megastairs_1

Skill      XL: |  1  2  3  4  5  6  7  8  9 10 11 12 13 14 15 16 17 18 19 20 |
---------------+-------------------------------------------------------------+-----
Spellcasting   | 5 6 7 8 9 10 11 12 13 | 13.8
Short Blades   | 1 2 3 4 5 6 7 8 9 10 11 12 13 | 13.0
Axes           | 1 2 3 4 5 6 7 8 9 10 11 12 13 | 13.0
Maces & Flails | 1 2 3 4 5 6 7 8 9 10 11 12 13 | 13.0
Polearms       | 1 2 3 4 5 6 7 8 9 10 11 12 13 | 13.0
Staves         | 1 2 3 4 5 6 7 8 9 10 11 12 13 | 13.0
Slings         | 1 2 3 4 5 6 7 8 9 10 11 12 13 | 13.0
Bows           | 1 2 3 4 5 6 7 8 9 10 11 12 13 | 13.0
Crossbows      | 1 2 3 4 5 6 7 8 9 10 11 12 13 | 13.0
Stealth        | 1 2 3 4 5 6 7 8 9 10 11 12 13 | 13.0
Shields        | 1 2 3 4 5 6 7 8 9 10 11 12 13 | 13.0
Unarmed Combat | 1 2 3 4 5 6 7 8 9 10 11 12 13 | 13.0
Invocations    | 1 2 3 4 5 6 7 8 9 10 11 12 13 14 | 14.0
Evocations     | 1 2 3 4 5 6 7 8 9 10 11 12 13 | 13.0
Conjurations   | 1 2 3 4 5 6 7 8 9 10 11 | 11.0
Hexes          | 1 2 3 4 5 6 7 8 9 10 11 | 11.0
Summonings     | 1 2 3 4 5 6 7 8 9 10 11 | 11.0
Necromancy     | 1 2 3 4 5 6 7 8 9 10 11 | 11.0
Transmutations | 1 2 3 4 5 6 7 8 9 10 11 | 11.0
Fire Magic     | 1 2 3 4 5 6 7 8 9 10 11 | 11.0
Ice Magic      | 1 2 3 4 5 6 7 8 9 10 11 | 11.0
Air Magic      | 1 2 3 4 5 6 7 8 9 10 11 | 11.0
Earth Magic    | 1 2 3 4 5 6 7 8 9 10 11 | 11.0
Poison Magic   | 1 2 3 4 5 6 7 8 9 10 11 | 11.0
Throwing       | 3 4 5 6 7 8 9 10 11 12 13 | 13.2
Armour         | 3 4 5 6 7 8 9 10 11 12 13 | 13.2
Fighting       | 5 6 7 8 9 10 11 12 13 | 13.7
Long Blades    | 5 6 7 8 9 10 11 12 13 | 13.7
Dodging        | 5 6 7 8 9 10 11 12 13 | 13.7
Translocations | 6 7 8 9 10 11 12 | 12.2

Action                   |  1- 3 |  4- 6 |  7- 9 | 10-12 | 13-15 | 16-18 | 19-21 || total
-------------------------+-------+-------+-------+-------+-------+-------+-------++-------
Melee: Falchion          |    84 |   353 |   449 |   573 |       |       |       ||  1459
       Bite              |    11 |    35 |    48 |   104 |   213 |   254 |    78 ||   743
       Punch             |     1 |     4 |    14 |    30 |   107 |   176 |    66 ||   398
       Flail             |       |    50 |       |       |       |       |       ||    50
       Staff             |       |       |       |   220 |  1271 |  1400 |   373 ||  3264
Throw: Boomerang         |       |       |       |    15 |       |     2 |       ||    17
 Cast: Ozocubu's Armour  |       |       |     2 |    17 |    14 |     1 |     1 ||    35
       Blink             |       |       |     1 |     4 |     8 |     1 |     2 ||    16
       Scorch            |       |       |       |    11 |     1 |       |       ||    12
       Irradiate         |       |       |       |       |     4 |    36 |    20 ||    60
       Ozocubu's Refrige |       |       |       |       |       |     2 |       ||     2
Invok: Slouch            |       |       |       |       |     8 |    10 |     2 ||    20
       Step From Time    |       |       |       |       |     1 |     1 |       ||     2
       Temporal Distorti |       |       |       |       |       |     1 |       ||     1
Evoke: Wand              |       |       |    10 |    12 |     4 |    10 |       ||    36
       Tin of tremorston |       |       |       |       |       |     2 |       ||     2
       Condenser vane    |       |       |       |       |       |       |     1 ||     1
  Use: Scroll            |     6 |     7 |     7 |     8 |     4 |     2 |     3 ||    37
       Potion            |       |     1 |       |     4 |     3 |     7 |     1 ||    16
 Stab: Sleeping          |     1 |    12 |    19 |    17 |    38 |    27 |     3 ||   117
       Distracted        |       |       |     2 |     1 |     5 |    12 |     3 ||    23
       Paralysed         |       |       |       |       |       |     5 |       ||     5
Armor: Leather armour    |    17 |    46 |       |       |       |       |       ||    63
       Ring mail         |       |   177 |   258 |   207 |       |       |       ||   642
       Troll leather arm |       |       |       |    37 |   362 |   296 |   118 ||   813
Dodge: Dodged            |    56 |   344 |   310 |   755 |  1844 |  1640 |   411 ||  5360

Table legend: (Time is in decaauts)
 A = Elapsed time spent in this place.
 B = Non-inter-level travel time spent in this place.
 C = Inter-level travel time spent in this place.
 D = Time resting spent in this place.
 E = Time spent auto-exploring this place.
 F = Levels seen in this place.
 G = Mean time per level.
                   A        B        C        D        E       F      G
               +--------+--------+--------+--------+--------+-----+--------+
         Total |  47986 |  45666 |   2320 |   2863 |  31762 |  33 | 1454.1 |
       Dungeon |  21250 |  20018 |   1232 |   1860 |  14186 |  15 | 1416.7 |
          Lair |   9416 |   8872 |    544 |     28 |   6713 |   6 | 1569.3 |
  Orcish Mines |   2662 |   2542 |    120 |      0 |   1861 |   2 | 1331.0 |
   Elven Halls |   6209 |   5905 |    304 |     58 |   4356 |   3 | 2069.7 |
        Depths |   2664 |   2546 |    118 |     94 |   1895 |   1 | 2664.0 |
         Abyss |   2404 |   2404 |      0 |     77 |    930 |   3 |  801.3 |
         Sewer |    971 |    971 |      0 |      0 |    603 |   1 |  971.0 |
        Bailey |   1132 |   1132 |      0 |    329 |    549 |   1 | 1132.0 |
      Gauntlet |   1274 |   1274 |      0 |    415 |    665 |   1 | 1274.0 |
               +--------+--------+--------+--------+--------+-----+--------+

Top non-repeatable levels by time:
   Elf:3: 2677 daAuts
Depths:1: 2664 daAuts
 Abyss:4: 1970 daAuts
  Lair:6: 1916 daAuts
  Lair:2: 1906 daAuts
    D:10: 1905 daAuts
    D:12: 1894 daAuts
    D:15: 1879 daAuts
   Elf:2: 1838 daAuts
   Orc:2: 1836 daAuts
     D:9: 1828 daAuts
    D:14: 1700 daAuts
   Elf:1: 1692 daAuts
    D:13: 1586 daAuts
     D:2: 1585 daAuts
